 Dungeon Crawl Stone Soup version 0.27-a0-1147-gb3d8e82157 (webtiles) character file.

Game seed: 10332798362212897857

1007 freelancePsychic the Magician (level 8, 0/57 (58) HPs)
             Began as a Gnoll Wanderer on May 11, 2021.
             Was an Initiate of Cheibriados.
             Slain by a lemure (4 damage)
             ... led by Pikel
             ... on level 6 of the Dungeon.
             The game lasted 00:26:47 (6979 turns).

freelancePsychic the Magician (Gnoll Wanderer)      Turns: 6979, Time: 00:26:48

HP:   0/57 (58)     AC:  4    Str: 11 (14) XL:     8   Next: 20%
MP:   2/19          EV: 12    Int: 10 (12) God:    Cheibriados [......]
Gold: 184           SH:  0    Dex: 12 (14) Spells: 11/22 levels left

rFire    . . .     SeeInvis .     - Unarmed
rCold    . . .     Faith    .   (no shield)
rNeg     . . .     Spirit   .   d - +0 robe
rPois    .         Reflect  .   g - +1 helmet
rElec    .         Harm     .   (no cloak)
rCorr    .         Rampage  .   (no gloves)
Will     +....                  (no boots)
Stlth    ++........             (no amulet)
HPRegen  0.19/turn              k - ring of willpower
MPRegen  0.16/turn              (no ring)

@: lightly drained, very slow
A: fangs 1, strong nose, distributed training
a: Renounce Religion, Bend Time


You were on level 6 of the Dungeon.
You worshipped Cheibriados.
Cheibriados was noncommittal.
You visited 2 branches of the dungeon, and saw 7 of its levels.
You also visited: Ossuary.

You collected 184 gold pieces.

Inventory:

Hand Weapons
 b - a +3 mace of holy wrath
 l - a +4 vorpal short sword
 q - the +0 staff of Battle
   (You acquired it in an ossuary)
Armour
 d - a +0 robe (worn)
 g - a +1 helmet (worn)
 i - a +0 pair of boots
Jewellery
 k - a ring of willpower (left hand)
Wands
 r - a wand of charming (9)
Scrolls
 c - 2 scrolls of magic mapping
 h - 2 scrolls of enchant weapon
 p - 2 scrolls of fog
Potions
 a - a potion of might
 f - a potion of flight
 m - a potion of brilliance {unknown}
 n - a potion of mutation {unknown}
 s - a potion of heal wounds {unknown}
 u - a potion of resistance {unknown}
 v - a potion of haste {unknown}


   Skills:
 + Level 3.0 Fighting
 + Level 3.0 Short Blades
 + Level 3.0 Long Blades
 + Level 3.0 Axes
 + Level 3.0 Maces & Flails
 + Level 3.0 Polearms
 + Level 3.0 Staves
 + Level 3.0 Slings
 + Level 3.0 Bows
 + Level 3.0 Crossbows
 + Level 3.0 Throwing
 + Level 3.0 Armour
 + Level 3.0 Dodging
 + Level 3.9 Stealth
 + Level 4.0 Shields
 + Level 3.0 Unarmed Combat
 + Level 7.8 Spellcasting
 + Level 4.6 Conjurations
 + Level 2.4 Hexes
 + Level 2.4 Summonings
 + Level 2.4 Necromancy
 + Level 3.3 Translocations
 + Level 2.4 Transmutations
 + Level 3.3 Fire Magic
 + Level 2.4 Ice Magic
 + Level 2.4 Air Magic
 + Level 3.3 Earth Magic
 + Level 2.4 Poison Magic
 + Level 3.3 Invocations
 + Level 3.0 Evocations


You had 11 spell levels left.
You knew the following spells:

 Your Spells              Type           Power      Damage    Failure   Level
a - Magic Dart            Conj           52%        1d5       2%          1
b - Searing Ray           Conj           26%        3d4       4%          2
c - Blink                 Tloc           N/A        N/A       7%          2
d - Lesser Beckoning      Tloc           5%         N/A       13%         3
e - Teleport Other        Tloc           10%        N/A       13%         3

Your spell library contained the following spells:

 Spells                   Type           Power      Damage    Failure   Level
 Passwall                 Tmut/Erth      7%         N/A       8%          2
 Call Imp                 Summ           8%         N/A       10%         2
 Slow                     Hex            8%         N/A       10%         2
 Wereblood                Tmut           8%         N/A       10%         2
 Conjure Flame            Conj/Fire      11%        6-21      10%         3
 Dazzling Flash           Conj/Hex       22%        N/A       12%         3
 Gell's Gravitas          Tloc           5%         N/A       13%         3
 Mephitic Cloud           Conj/Pois/Air  10%        N/A       14%         3
 Iskenderun's Mystic Bla  Conj/Tloc      11%        2d4       32%         4
 Fulminant Prism          Conj/Hex       5%         3d7       36%         4
 Manifold Assault         Tloc           10%        N/A       77%         5


Dungeon Overview and Level Annotations

Branches:
Dungeon (6/15)             Temple (1/1) D:6         Ossuary (visited)

Altars:
Ashenzari
Cheibriados
Dithmenos
Elyvilon
Fedhas
Gozag
Hepliaklqana
Kikubaaqudgha
Makhleb
Nemelex Xobeh
Okawaru
Qazlal
Ru
Sif Muna
Trog
Uskayaw
Vehumet
Wu Jian
Xom
Zin
The Shining One

Annotations:
D:3 Grinder, Natasha
D:4 Dowan
Temple Pikel


Innate Abilities, Weirdness & Mutations

You have very sharp teeth.
Your uncanny sense of smell can sniff out nearby items.
Your experience applies equally to all skills.


Message History

Unknown command.
Okay, then.
As you read the scroll labelled SUIDESTR JEAN, it crumbles to dust.
It is a scroll of enchant armour.
Your +0 helmet glows green for a moment.
As you read the scroll labelled XYMPEPL PUIG, it crumbles to dust.
It is a scroll of brand weapon.
Your +4 short sword emits a brilliant flash of light!
l - a +4 vorpal short sword
Okay, then.
Casting: Magic Dart (safe; 2% risk of failure)
Confirm with . or Enter, or press ? or * to list all spells.
You blink.
Casting: Blink (safe; 6% risk of failure)
Confirm with . or Enter, or press ? or * to list all spells.
You blink.
There is a staircase back to the Dungeon here.
You can't go down here!
The lemure hits the bush.
You climb upwards.
Welcome back to the Dungeon!
Your battlesphere wavers and loses cohesion.
You conjure a globe of magical energy.
The lemure closely misses you. The lemure barely misses you.
The lemure hits you.
* * * LOW HITPOINT WARNING * * *
There is a staircase to the Ecumenical Temple, spattered with blood here.
Casting: Blink (safe; 6% risk of failure)
Confirm with . or Enter, or press ? or * to list all spells.
You blink.
The lemure hits you but does no damage. The lemure hits you.
* * * LOW HITPOINT WARNING * * *
Okay, then.
Your battlesphere wavers and loses cohesion.
You are now empty-handed.
It was a potion of degeneration.
There was something very wrong with that liquid.
You feel weakened.
You feel dopey.
You feel clumsy. The lemure hits you!
* * * LOW HITPOINT WARNING * * *
The lemure misses you. The lemure hits you.
You die...

,,*,,,,,,****,*,,####...........#
,,,,,,,,,,**∆,**,$...............
,,,,,,,,,,,,,,,***...............
,,,,,,,***,,*,***,**#............
,,,,,,,**,,***##,#####..........#
*,,**,,**#,,*##.##.##...........#
*****,,,*...##..#.............###
***,,......#.5°>..#°.>....$..
*,,,#..(..@5...###5..#.....
**,,#.#..####[[###..##.....
****#..**####).##.K###....
#....##..[#..##..##..#.
###............#.o..!..
##..#.....##....###..
##,#.....##...## *#.
**#......##..#***,.
*#......#.....**,.


You could see 2 lemures.

Vanquished Creatures
  2 wraiths (Ossuary)
  Duvessa (D:4)
  A lemure (Temple)
  2 scorpions
  3 wights (Ossuary)
  A centaur zombie (D:5)
  2 orc priests (D:6)
  2 centaur skeletons
  An orc wizard (D:5)
  A howler monkey zombie (D:5)
  Robin (D:2)
  3 gnolls (D:3)
  5 adders
  2 worms (D:2)
  9 orcs
  5 ball pythons
  2 bats
  5 endoplasms
  A giant cockroach (D:2)
  11 goblins
  9 hobgoblins
  2 jackals (D:2)
  2 quokkas (D:1)
  2 ball python skeletons (Ossuary)
  A frilled lizard (D:3)
  A hobgoblin zombie (Ossuary)
  2 kobolds (D:1)
  A kobold zombie (Ossuary)
  2 orc skeletons (Ossuary)
  2 orc zombies (Ossuary)
  5 rats
89 creatures vanquished.

Vanquished Creatures (others)
  A plant (Temple)
1 creature vanquished.

Grand Total: 90 creatures vanquished

Notes
Turn   | Place    | Note
-------+----------+-------------------------------------------
     0 | D:1      | freelancePsychic the Gnoll Wanderer began the quest for the
                  | Orb.
     0 | D:1      | freelancePsychic set off with the following items: a +0
                  | club, a potion of curing {@q1}, a +0 robe; and the
                  | following spells available to memorise: Blink, Passwall,
                  | Gell's Gravitas, Lesser Beckoning, Teleport Other,
                  | Wereblood, Manifold Assault
     0 | D:1      | Reached XP level 1. HP: 13/13 MP: 8/8
   373 | D:1      | Learned a level 1 spell: Magic Dart
   527 | D:1      | Reached XP level 2. HP: 19/19 MP: 6/10
   806 | D:1      | Found a faded altar of an unknown god.
  1313 | D:2      | Reached XP level 3. HP: 15/25 MP: 5/11
  1368 | D:2      | HP: 1/25 [adder (1)]
  1373 | D:2      | Reached skill level 1 in Invocations
  1862 | D:2      | Reached skill level 1 in Fighting
  1862 | D:2      | Reached skill level 1 in Short Blades
  1862 | D:2      | Reached skill level 1 in Long Blades
  1862 | D:2      | Reached skill level 1 in Axes
  1862 | D:2      | Reached skill level 1 in Maces & Flails
  1862 | D:2      | Reached skill level 1 in Polearms
  1862 | D:2      | Reached skill level 1 in Staves
  1862 | D:2      | Reached skill level 1 in Slings
  1862 | D:2      | Reached skill level 1 in Bows
  1862 | D:2      | Reached skill level 1 in Crossbows
  1862 | D:2      | Reached skill level 1 in Throwing
  1862 | D:2      | Reached skill level 1 in Armour
  1862 | D:2      | Reached skill level 1 in Dodging
  1862 | D:2      | Reached skill level 1 in Unarmed Combat
  1862 | D:2      | Reached skill level 1 in Evocations
  1863 | D:2      | Reached XP level 4. HP: 32/32 MP: 7/13
  1980 | D:2      | HP: 1/32 [something (7)]
  2441 | D:2      | Noticed Robin
  3650 | D:3      | Reached skill level 1 in Hexes
  3650 | D:3      | Reached skill level 1 in Summonings
  3650 | D:3      | Reached skill level 1 in Necromancy
  3650 | D:3      | Reached skill level 1 in Transmutations
  3650 | D:3      | Reached skill level 1 in Ice Magic
  3650 | D:3      | Reached skill level 1 in Air Magic
  3650 | D:3      | Reached skill level 1 in Poison Magic
  3760 | D:3      | Noticed Natasha
  3782 | D:3      | Noticed Grinder
  4001 | D:2      | Reached XP level 5. HP: 34/37 MP: 14/14
  4155 | D:2      | Killed Robin
  4620 | D:4      | Learned a level 2 spell: Blink
  4641 | D:4      | Identified a scroll of acquirement
  4641 | D:4      | Acquired a book of Conjurations
  4646 | D:4      | Learned a level 2 spell: Searing Ray
  4759 | D:4      | Noticed Duvessa
  4759 | D:4      | Noticed Dowan
  4826 | D:4      | Found a sand-covered staircase.
  4830 | Ossuary  | Entered an ossuary
  5160 | Ossuary  | Reached XP level 6. HP: 44/44 MP: 16/16
  5188 | Ossuary  | Noticed a wraith
  5188 | Ossuary  | Noticed a flying skull
  5199 | Ossuary  | Noticed a flying skull
  5221 | Ossuary  | Acquired the +0 staff of Battle
  5222 | Ossuary  | Found the +0 staff of Battle
  5235 | Ossuary  | Noticed a wraith
  5243 | Ossuary  | Killed a wraith
  5459 | Ossuary  | Noticed a wraith
  5469 | Ossuary  | Killed a wraith
  5470 | Ossuary  | Reached XP level 7. HP: 41/51 MP: 4/18
  5690 | D:4      | Killed Duvessa
  5849 | D:5      | Entered Level 5 of the Dungeon
  6114 | D:5      | Reached XP level 8. HP: 57/57 MP: 15/19
  6655 | D:6      | Found a staircase to the Ecumenical Temple.
  6677 | Temple   | Entered the Ecumenical Temple
  6772 | Temple   | Became a worshipper of Cheibriados the Contemplative
  6777 | Temple   | Learned a level 3 spell: Lesser Beckoning
  6781 | Temple   | Learned a level 3 spell: Teleport Other
  6915 | D:6      | Noticed Pikel
  6979 | D:6      | Slain by a lemure

Illustrated notes

Levels and vault maps discovered:
D:1:      roderic_chinese_lattice_arrival, layout_basic,
          ebering_ecumenical_altar_box
D:2:      layout_basic, uniq_robin
D:3:      layout_loops_ring, gammafunk_ghost_abyssal_escape,
          minmay_misc_feat_pillars, uniq_jessica, uniq_natasha, uniq_grinder
D:4:      layout_basic, enter_ossuary_5, grunt_decor_arrowhead, uniq_duvessa
D:5:      layout_basic, chequers_avenue
D:6:      layout_cave_pools, minmay_temple_entry_wispy, serial_bayou_lake_a,
          uniq_pikel
Temple:   kilobyte_greek_temple

Skill      XL: |  1  2  3  4  5  6  7  8 |
---------------+-------------------------+-----
Translocations | 2 3 |  3.3
Fire Magic     | 2 3 |  3.3
Earth Magic    | 2 3 |  3.3
Invocations    | 1 2 3 |  3.3
Fighting       | 1 2 3 |  3.0
Short Blades   | 1 2 3 |  3.0
Long Blades    | 1 2 3 |  3.0
Axes           | 1 2 3 |  3.0
Maces & Flails | 1 2 3 |  3.0
Polearms       | 1 2 3 |  3.0
Staves         | 1 2 3 |  3.0
Slings         | 1 2 3 |  3.0
Bows           | 1 2 3 |  3.0
Crossbows      | 1 2 3 |  3.0
Throwing       | 1 2 3 |  3.0
Armour         | 1 2 3 |  3.0
Dodging        | 1 2 3 |  3.0
Unarmed Combat | 1 2 3 |  3.0
Evocations     | 1 2 3 |  3.0
Hexes          | 1 2 |  2.4
Summonings     | 1 2 |  2.4
Necromancy     | 1 2 |  2.4
Transmutations | 1 2 |  2.4
Ice Magic      | 1 2 |  2.4
Air Magic      | 1 2 |  2.4
Poison Magic   | 1 2 |  2.4
Shields        | 3 4 |  4.0
Conjurations   | 4 |  4.6
Stealth        | 3 |  3.9
Spellcasting   | |  7.8

Action                   |  1- 3 |  4- 6 |  7- 9 || total
-------------------------+-------+-------+-------++-------
Melee: Club              |     9 |       |       ||     9
       Spear             |    30 |    80 |       ||   110
       Bite              |     3 |    13 |       ||    16
       Short sword       |       |    27 |       ||    27
       Mace              |       |    25 |       ||    25
 Cast: Magic Dart        |    64 |    31 |    36 ||   131
       Searing Ray       |       |    10 |    13 ||    23
       Blink             |       |     5 |     6 ||    11
       Teleport Other    |       |       |     1 ||     1
  Use: Potion            |     2 |     2 |     1 ||     5
       Scroll            |       |     8 |     8 ||    16
 Stab: Sleeping          |     1 |     4 |       ||     5
Armor: Robe              |     9 |    24 |     4 ||    37
Dodge: Dodged            |    25 |    75 |    23 ||   123

Table legend: (Time is in decaauts)
 A = Elapsed time spent in this place.
 B = Non-inter-level travel time spent in this place.
 C = Inter-level travel time spent in this place.
 D = Time resting spent in this place.
 E = Time spent auto-exploring this place.
 F = Levels seen in this place.
 G = Mean time per level.
                   A        B        C        D        E       F      G
               +--------+--------+--------+--------+--------+-----+--------+
         Total |   7067 |   6806 |    261 |   1412 |   3808 |   8 |  883.4 |
       Dungeon |   5893 |   5650 |    243 |   1069 |   3245 |   6 |  982.2 |
        Temple |    292 |    274 |     18 |     18 |    213 |   1 |  292.0 |
       Ossuary |    882 |    882 |      0 |    325 |    349 |   1 |  882.0 |
               +--------+--------+--------+--------+--------+-----+--------+

Top non-repeatable levels by time:
     D:2: 2590 daAuts
     D:1: 1173 daAuts
 Ossuary: 882 daAuts
     D:5: 769 daAuts
     D:3: 753 daAuts
     D:4: 498 daAuts
  Temple: 292 daAuts
     D:6: 108 daAuts
